[Event "*** Titled Tuesday Blitz"]
[Site "Chess.com"]
[Date "2019.05.07"]
[Round "8"]
[White "SoltaniciR"]
[Black "MikaelyanArman"]
[Result "0-1"]
[WhiteElo "2515"]
[BlackElo "2691"]
[TimeControl "180+2"]
[EndTime "14:53:06 PDT"]
[Termination "MikaelyanArman won by checkmate"]

1. e4 a6 2. d4 g6 3. Nf3 Bg7 4. Nc3 b5 5. Bd3 Bb7 6. O-O d6 7. Re1 Nd7 8. Ne2 c5 9. c3 Ngf6 10. Ng3 e5 11. d5 O-O 12. a4 c4 13. Bc2 Nc5 14. Be3 Nfd7 15. Nd2 h5 16. Qe2 h4 17. Ngf1 h3 18. g3 f5 19. f3 f4 20. Bf2 Qg5 21.
axb5 axb5 22. b4 cxb3 23. Nxb3 Nxb3 24. Bxb3 fxg3 25. hxg3 Rac8 26. Ra7 Rxc3 27. Rxb7 Rcxf3 28. Rxd7 Rxf2 29. Qxf2 Rxf2 30. Kxf2 Qf6+ 31. Ke2 Qg5 32. Rxd6 Qh5+ 33. Kf2 h2 34. Nxh2 Qxh2+ 35. Kf3 Qb2 36.
Re3 Bh6 37. Rd3 Qb1 38. Ke2 Qg1 39. Rxg6+ Kh7 40. Rc6 Qg2+ 41. Kd1 Qf1+ 42. Kc2 Qc1# 0-1

[Event "*** Titled Tuesday Blitz"]
[Site "Chess.com"]
[Date "2019.05.07"]
[Round "8"]
[White "M1711"]
[Black "Zq1"]
[Result "1-0"]
[WhiteElo "2472"]
[BlackElo "2488"]
[TimeControl "180+2"]
[EndTime "14:53:09 PDT"]
[Termination "M1711 won by resignation"]

1. e4 c5 2. Nf3 d6 3. d4 cxd4 4. Nxd4 Nf6 5. Nc3 Nc6 6. g3 g6 7. Bg2 Nxd4 8. Qxd4 Bg7 9. O-O O-O 10. Qd2 Rb8 11.
b3 b5 12. Bb2 b4 13. Nd5 Nxe4 14. Qc1 Nc3 15. Bxc3 bxc3 16. Qe3 e6 17. Nf4 d5 18. Qxa7 Qb6 19. Qxb6 Rxb6 20. Nd3 Ba6 21. Rfd1 Rd8 22. a4 e5 23. a5 Rbd6 24. Nc5 Be2 25. Re1 Bb5 26.
Nb7 Ba6 27. Nxd8 Rxd8 28. b4 d4 29. Rab1 d3 30. cxd3 c2 31. Rbc1 Bxd3 32. Bf1 e4 33. b5 Rd5 34. a6 Rxb5 35. Rxc2 Ra5 36. Bxd3 exd3 37. Rc8+ Bf8 38. Ree8 Ra1+ 39. Kg2 1-0

[Event "*** Titled Tuesday Blitz"]
[Site "Chess.com"]
[Date "2019.05.07"]
[Round "8"]
[White "severomorskij"]
[Black "Sutormin_DA"]
[Result "1-0"]
[WhiteElo "2776"]
[BlackElo "2539"]
[TimeControl "180+2"]
[EndTime "14:53:10 PDT"]
[Termination "severomorskij won by resignation"]

1. d4 Nf6 2. c4 g6 3. Nc3 Bg7 4. e4 d6 5. Bd3 O-O 6. Nge2 c5 7.
d5 e6 8. Bg5 exd5 9. exd5 Nbd7 10. f4 a6 11. a4 h6 12. Bh4 Qa5 13. h3 Re8 14. O-O Nf8 15. Kh1 Bd7 16. Qc2 Re3 17. Bxf6 Bxf6 18. f5 g5 19. Ne4 Be5 20. Ng1 Nh7 21.
Nf3 Bf4 22. g3 Rxe4 23. Bxe4 Bxg3 24. Qg2 Bf4 25. Nh2 Kf8 26. Ng4 h5 27. Nh6 Nf6 28.
h4 Nxe4 29. Qxe4 Re8 30. Qg2 Qd8 31. Rxf4 Qf6 32. hxg5 Qe5 33. Raf1 1-0

[Event "*** Titled Tuesday Blitz"]
[Site "Chess.com"]
[Date "2019.05.07"]
[Round "8"]
[White "bluejay1897"]
[Black "Eliwood44"]
[Result "0-1"]
[WhiteElo "2265"]
[BlackElo "2248"]
[TimeControl "180+2"]
[EndTime "14:53:14 PDT"]
[Termination "Eliwood44 won by checkmate"]

1. Nf3 Nf6 2. g3 d5 3. Bg2 e6 4. O-O Be7 5. c4 O-O 6. d4 dxc4 7. Ne5 Nc6 8. Bxc6 bxc6 9. Nxc6 Qe8 10. Nxe7+ Qxe7 11. Na3 e5 12. dxe5 Qxe5 13. Nxc4 Qh5 14. f3 Re8 15. b3 Ba6 16. Qc2 Nd5 17. e4 Nb4 18.
Qc3 Nc6 19. Bf4 Bxc4 20. Qxc4 Ne5 21. Bxe5 Qxe5 22. Rac1 Re7 23. Rfd1 h5 24. Rd5 Qb2 25. Rc2 Qb1+ 26. Kg2 g6 27. Qc3 Rae8 28. Ra5 Qd1 29.
Rd5 Qb1 30. Rb2 Qa1 31. Kf2 h4 32. Kg2 Re6 33. Rdd2 Qe1 34. Qxc7 Rxe4 35. Qxa7 h3+ 36. Kxh3 Qf1+ 37. Rg2 Qxf3 38. Rgf2 Rh4+ 39. Kxh4 Qh5# 0-1

[Event "*** Titled Tuesday Blitz"]
[Site "Chess.com"]
[Date "2019.05.07"]
[Round "8"]
[White "ruvat"]
[Black "Koksal06"]
[Result "0-1"]
[WhiteElo "2350"]
[BlackElo "2498"]
[TimeControl "180+2"]
[EndTime "14:53:22 PDT"]
[Termination "Koksal06 won by resignation"]

1. d4 d5 2. Nf3 Bg4 3. Ne5 Bf5 4. c4 c6 5. Nc3 e6 6. Qb3 Qb6 7. e3 Nf6 8. Bd2 Nbd7 9. c5 Qxb3 10. axb3 Nxe5 11. dxe5 Nd7 12. b4 Nxe5 13. f3 Bd3 14.
Ne2 Nc4 15. b3 Nxd2 16. Kxd2 Bb5 17. g3 Be7 18. Bg2 e5 19. Nc3 Ba6 20. Rhe1 O-O 21. Kc2 Bf6 22. Ra2 g6 23. Ne2 Kg7 24. f4 exf4 25.
Nxf4 Rfe8 26. Nd3 Re7 27. Nf2 Rae8 28. e4 Bd4 29. Nd3 dxe4 30. Nf4 Bd3+ 31. Kd2 Ba6 32. Kc2 f5 33. Ne2 Bd3+ 34. Kd2 Bf6 35. Rxa7 Rd8 36. Kc1 Ba6 37. b5 Bxb5 38. Nf4 Bg5 39. Rd1 Rxd1+ 40.
Kxd1 Bxf4 41. gxf4 Rd7+ 42. Ke1 e3 43. Bf3 e2 44. h4 Rd1+ 0-1

[Event "*** Titled Tuesday Blitz"]
[Site "Chess.com"]
[Date "2019.05.07"]
[Round "8"]
[White "Alexander_Moskalenko"]
[Black "RegZryt"]
[Result "1/2-1/2"]
[WhiteElo "2866"]
[BlackElo "2544"]
[TimeControl "180+2"]
[EndTime "14:53:29 PDT"]
[Termination "Game drawn by agreement"]

1. e4 c5 2. Nf3 e6 3. d4 cxd4 4. Nxd4 Nf6 5. Nc3 Nc6 6. Ndb5 Bc5 7. Bf4 O-O 8. Bc7 Qe7 9. Bd6 Bxd6 10. Qxd6 Qxd6 11.
Nxd6 Ne8 12. Nxe8 Rxe8 13. Nb5 d5 14. Nc7 Bd7 15. Nxa8 Rxa8 16. exd5 exd5 17. O-O-O Be6 18. Bd3 a5 19. a3 Rb8 20. Bb5 Na7 21. Be2 b5 22. Bf3 Rd8 23. Rhe1 Kf8 24. Rd2 Nc6 25. Red1 Ne7 26. b3 g6 27. Kb2 h5 28. h4 Kg7 29. g3 Kf6 30. c3 Ke5 31. Re1+ Kf6 32. b4 a4 33. Be2 Rb8 34. Bd3 Nc6 35.
f4 Ne7 36. Re3 Rb6 37. Kc2 Rb8 38. Kd1 Rb6 39. Ke1 Rb8 40. Kf2 Rb6 41. Re5 Nc6 42. Re1 Ne7 43. Red1 Rb8 44. Be2 Rb6 45. Bf3 Rd6 46.
Rd3 Rd8 47. R1d2 Rd6 48. Rd4 Rc6 49. R4d3 Rc7 50. Ke1 Rc8 51. Kd1 Rc7 52. Kc1 Rc8 53. Kb2 Rd8 54. Bg2 Rd6 55. Rd4 Nf5 56. R4d3 Ne7 57. Rf2 Rd8 58. Rf1 Rd6 59. Rh1 Rd8 60. Bh3 Rd6 61. Kc2 Rc6 62. Kd2 Rd6 63. Bxe6 fxe6 64.
Re1 Nf5 65. Rg1 Rc6 66. Ke2 Rc4 67. Kf3 Nd6 68. Rc1 Ne4 69. Rd4 Rxc3+ 70. Rxc3 Nxc3 71. Rd3 Ne4 72. Rd1 Nd6 73. Rd3 1/2-1/2

[Event "*** Titled Tuesday Blitz"]
[Site "Chess.com"]
[Date "2019.05.07"]
[Round "8"]
[White "pedroholly22"]
[Black "Saitama_Hero"]
[Result "0-1"]
[WhiteElo "2275"]
[BlackElo "2246"]
[TimeControl "180+2"]
[EndTime "14:53:43 PDT"]
[Termination "Saitama_Hero won on time"]

1. e4 d6 2. d4 g6 3. Nc3 Bg7 4. Be3 c6 5. f3 b5 6. Qd2 Nd7 7.
Nge2 Nb6 8. b3 a6 9. a4 b4 10. Nd1 a5 11. Nf2 Qc7 12. g4 Nf6 13. h4 h5 14. g5 Nfd7 15. f4 c5 16. Rd1 Bb7 17. Bg2 c4 18. O-O c3 19. Qc1 e5 20. f5 gxf5 21. exf5 Bxg2 22. Kxg2 Qc6+ 23. Kg1 Qf3 24. Rde1 Nd5 25. Nd1 Qg4+ 26. Kf2 Qxh4+ 27. Ng3 Qh2+ 28.
Kf3 h4 29. Ne2 Qh3+ 30. Ke4 Qg2+ 31. Kd3 e4+ 32. Kc4 N7b6+ 33. Kb5 Qg4 34. Rf2 h3 35. Rg1 Qh5 36. Nf4 Qh7 37. g6 Qg8 38. Nxd5 Nxd5 39. Bg5 h2 40. Rh1 fxg6 41. fxg6 Qe6 0-1

[Event "*** Titled Tuesday Blitz"]
[Site "Chess.com"]
[Date "2019.05.07"]
[Round "8"]
[White "RojonR"]
[Black "Fins0905"]
[Result "0-1"]
[WhiteElo "2426"]
[BlackElo "2675"]
[TimeControl "180+2"]
[EndTime "14:53:47 PDT"]
[Termination "Fins0905 won by checkmate"]

1. e4 d5 2. exd5 Qxd5 3. Nc3 Qa5 4. Bc4 Nf6 5. d3 c6 6. h3 g6 7. Nf3 Bg7 8. O-O O-O 9. Bd2 Qc7 10. Re1 e6 11. a4 a5 12. Qc1 Nd5 13. Bxd5 exd5 14.
Bf4 Qd8 15. d4 Bf5 16. Ne2 Nd7 17. Ng3 Be6 18. Qd2 Re8 19. c3 f6 20. Re2 Bf7 21. Rae1 Rxe2 22. Rxe2 Nf8 23. Qe1 Qd7 24. Re7 Re8 25. Rxe8 Bxe8 26. h4 Bf7 27. h5 gxh5 28.
Nh4 Qg4 29. Qe3 Qxh4 30. f3 Ng6 31. Bc7 Qg5 32. f4 Qg4 33. f5 Nh4 34. Qe7 h6 35.
Qd8+ Kh7 36. Qd7 Bg8 37. Bd6 Kh8 38. Qd8 Qd1+ 39. Kh2 Qc2 40. Nxh5 Qxg2# 0-1

[Event "*** Titled Tuesday Blitz"]
[Site "Chess.com"]
[Date "2019.05.07"]
[Round "8"]
[White "2nd_life"]
[Black "checkmatequen"]
[Result "0-1"]
[WhiteElo "2423"]
[BlackElo "2234"]
[TimeControl "180+2"]
[EndTime "14:53:48 PDT"]
[Termination "checkmatequen won on time"]

1. e4 c5 2. Nf3 e6 3. c3 d5 4. exd5 Qxd5 5. d4 Nf6 6. Bd3 Nc6 7. O-O cxd4 8. cxd4 Be7 9. Nc3 Qd6 10. a3 O-O 11.
Bc2 a6 12. Qd3 g6 13. Bh6 Rd8 14. Rad1 b5 15. Ne5 Bb7 16. Bf4 Nxe5 17. Bxe5 Qc6 18. Qh3 Nh5 19. Be4 Qd7 20. d5 exd5 21. Qxd7 Rxd7 22.
Nxd5 Bxd5 23. Rxd5 Rxd5 24. Bxd5 Rd8 25. Bb7 a5 26.
Bf3 Bf6 27. Bc7 Rd2 28. Bxa5 Rxb2 29. Rd1 Nf4 30. Kf1 Ne6 31. Bb4 Bd4 32. Rd2 Rxd2 33. Bxd2 Bc5 34. Bc1 b4 35. a4 Bd4 36. a5 Nc5 37.
Bd1 b3 38. Ba3 Ne4 0-1

[Event "*** Titled Tuesday Blitz"]
[Site "Chess.com"]
[Date "2019.05.07"]
[Round "8"]
[White "PowerThinking2650"]
[Black "Alex_Terzi"]
[Result "0-1"]
[WhiteElo "2381"]
[BlackElo "2490"]
[TimeControl "180+2"]
[EndTime "14:53:49 PDT"]
[Termination "Alex_Terzi won by resignation"]

1. e4 e6 2. d4 d5 3. Nd2 c5 4.
Ngf3 Nc6 5. exd5 Qxd5 6. Bc4 Qd8 7. O-O cxd4 8. Nb3 Nf6 9. Nbxd4 Nxd4 10. Nxd4 a6 11. a4 Qc7 12. b3 Bd6 13. Nf3 O-O 14.
Bb2 Ng4 15. h3 Nh2 16. Re1 Nxf3+ 17. Qxf3 Bd7 18. Rad1 Bc6 19. Qg4 e5 20. Rd3 Kh8 21.
Red1 f5 22. Qh5 Rad8 23. Be6 Be4 24. Re3 Qxc2 25. Rxd6 Rxd6 26. Bxe5 Qd1+ 27. Qxd1 Rxd1+ 28. Kh2 Re8 29. Bxf5 Rxe5 30. Rxe4 Rxe4 31. Bxe4 b6 32. Bb7 a5 33. Ba6 g5 34. Kg3 Kg7 35. h4 gxh4+ 36. Kxh4 Kf6 37. f4 Kf5 38. Kg3 Ke4 39. Bb7+ Kf5 40. Bc8+ Kf6 41. Ba6 Rc1 42. Kf3 Rc3+ 43.
Ke4 Rg3 44. Bf1 Rxb3 45. g4 Rb4+ 46. Ke3 Rxa4 47. g5+ Kg7 48. f5 Rg4 49. f6+ Kh8 0-1

[Event "*** Titled Tuesday Blitz"]
[Site "Chess.com"]
[Date "2019.05.07"]
[Round "8"]
[White "wonderfultime"]
[Black "GHANDEEVAM2003"]
[Result "1-0"]
[WhiteElo "2957"]
[BlackElo "2894"]
[TimeControl "180+2"]
[EndTime "14:53:50 PDT"]
[Termination "wonderfultime won by resignation"]

1. d4 Nf6 2. Nf3 d5 3. Bf4 e6 4. e3 c5 5. c3 Nc6 6. Nbd2 cxd4 7.
exd4 Nh5 8. Be3 Bd6 9. Bd3 Nf4 10. Bxf4 Bxf4 11. O-O O-O 12. Re1 f6 13. Qc2 g6 14.
Bxg6 hxg6 15. Qxg6+ Kh8 16. Qh5+ Kg7 17. Qg4+ Bg5 18. h4 e5 19. Qg3 e4 20. hxg5 exf3 21.
gxf6+ Kxf6 22. Nxf3 Rg8 23. Qf4+ Kg7 24. Re3 Qf6 25.
Qc7+ Qf7 26. Qd6 Rd8 27. Qg3+ Qg6 28. Ng5 Bf5 29. Rae1 Re8 30. Qc7+ Kg8 31. Qxb7 Rad8 32. Qh7+ Qxh7 33. Rxe8+ Rxe8 34. Rxe8+ Kg7 35. Nxh7 Kxh7 36. f3 Bb1 37. Rc8 Na5 38. b3 Bxa2 39. Rc7+ Kg6 40. Rxa7 1-0

[Event "*** Titled Tuesday Blitz"]
[Site "Chess.com"]
[Date "2019.05.07"]
[Round "8"]
[White "MatthewG-p4p"]
[Black "Oleg_Papayan"]
[Result "1-0"]
[WhiteElo "2685"]
[BlackElo "2538"]
[TimeControl "180+2"]
[EndTime "14:53:50 PDT"]
[Termination "MatthewG-p4p won by resignation"]

1. Nf3 b6 2. b4 Bb7 3. Bb2 Nf6 4. e3 e6 5. a3 Be7 6. d4 O-O 7. Bd3 Ne4 8. Nbd2 f5 9. O-O Nxd2 10. Nxd2 d6 11. e4 f4 12. Qg4 Bc8 13. e5 Qe8 14. Nf3 d5 15. Bc1 Qf7 16. h4 c5 17. c3 Ba6 18. b5 c4 19. Bc2 Bxb5 20. g3 Nc6 21. gxf4 Nd8 22. Kh2 Be8 23. Rg1 Kh8 24. Be3 Rg8 25.
Rg3 Qh5 26. Qh3 Rc8 27. Rag1 Rc6 28. Ng5 Bxg5 29. Rxg5 Qf7 30. h5 h6 31. Rg6 Qe7 32.
R6g3 Rc7 33. f5 exf5 34. Bxh6 Qf7 35. Bxg7+ Rxg7 36. Rxg7 Qxg7 37. Rxg7 Rxg7 38. Bxf5 Rg5 39. Bg6 Bf7 40. f4 Rxg6 41. hxg6+ 1-0

[Event "*** Titled Tuesday Blitz"]
[Site "Chess.com"]
[Date "2019.05.07"]
[Round "8"]
[White "j_coca"]
[Black "zurzan"]
[Result "0-1"]
[WhiteElo "1841"]
[BlackElo "1989"]
[TimeControl "180+2"]
[EndTime "14:53:53 PDT"]
[Termination "zurzan won by resignation"]

1. f4 d6 2. Nf3 f5 3. e3 g6 4. d4 Bg7 5. c3 Nf6 6. Bd3 O-O 7. O-O Nbd7 8. Bd2 Qe8 9. Qc2 e5 10. dxe5 dxe5 11. fxe5 Nxe5 12. Nxe5 Qxe5 13. Na3 c6 14.
Rae1 Be6 15. Nc4 Qc5 16. b4 Qe7 17. Ne5 Ng4 18. Nxg4 fxg4 19. c4 Rxf1+ 20. Bxf1 Rf8 21. Bc3 Qf7 22. Bxg7 Kxg7 23. a3 h5 24. c5 h4 25.
Bd3 g3 26. Rf1 gxh2+ 27. Kxh2 Qc7+ 28. Kg1 Rxf1+ 29. Bxf1 Qe5 30. e4 Qd4+ 31. Kh2 g5 32. Qd3 Qe5+ 33. Kg1 g4 34. Kf2 Qf4+ 35. Kg1 g3 36.
Qd4+ Kg6 37. Be2 Qc1+ 38. Qd1 Qxd1+ 39. Bxd1 Kg5 40. Kf1 Kf4 41. Bc2 Ke3 42. Kg1 Kd2 43. Bb1 Kc1 44. Bd3 Kb2 45. b5 Kxa3 46. b6 axb6 47. cxb6 Kb4 48. Ba6 Kc5 49. Bxb7 Kxb6 50. Ba8 Kc5 51. Kf1 Bd7 52. Ke2 Kd4 53. Kf3 c5 54.
Bd5 c4 55. Bf7 c3 56. Bb3 Bc6 57. Bc2 Bb7 58. Kf4 Bc6 59. Kf3 Ke5 60. Ke3 Bb5 61. Kf3 Bf1 62. Kg4 Bxg2 63. Kxh4 Bxe4 64. Ba4 g2 0-1

[Event "*** Titled Tuesday Blitz"]
[Site "Chess.com"]
[Date "2019.05.07"]
[Round "8"]
[White "IakovUlivar"]
[Black "c63_amg"]
[Result "0-1"]
[WhiteElo "2537"]
[BlackElo "2663"]
[TimeControl "180+2"]
[EndTime "14:53:55 PDT"]
[Termination "c63_amg won on time"]

1. e4 c5 2. Nc3 e6 3. g3 d5 4.
Bg2 Nf6 5. d3 Be7 6. Nf3 dxe4 7.
dxe4 Qxd1+ 8. Kxd1 Nc6 9. Ne1 O-O 10. Bf4 Rd8+ 11. Kc1 Ng4 12. f3 Nge5 13. Bf1 b6 14.
Be2 Bb7 15. Nd3 Bf6 16. Nxe5 Nxe5 17. Rd1 Nc6 18. Nb5 Rxd1+ 19. Bxd1 Rd8 20. c3 Ba6 21. Be2 g5 22. Be3 Ne5 23. Kc2 Nxf3 24. Bxf3 Bxb5 25. Rd1 Rxd1 26. Kxd1 Bc6 27. Ke2 Kg7 28. Bd2 Kg6 29. g4 Be5 30. h3 Bf4 31. Be1 Kf6 32. c4 Be5 33. b3 h6 34. Kd3 Ke7 35. Bd2 f5 36.
Be1 Kf6 37. Bd2 Be8 38. exf5 exf5 39. gxf5 Bd7 0-1

[Event "*** Titled Tuesday Blitz"]
[Site "Chess.com"]
[Date "2019.05.07"]
[Round "8"]
[White "TristanCalistri"]
[Black "H3nriqueTV"]
[Result "1-0"]
[WhiteElo "2191"]
[BlackElo "2002"]
[TimeControl "180+2"]
[EndTime "14:53:56 PDT"]
[Termination "TristanCalistri won by resignation"]

1. e4 c5 2. Nf3 d6 3. Bb5+ Bd7 4. Bxd7+ Qxd7 5. c4 Nf6 6. Nc3 Nc6 7. O-O g6 8. d4 cxd4 9. Nxd4 Bg7 10. b3 O-O 11. Bb2 Rac8 12. Re1 a6 13. Nxc6 bxc6 14. Na4 Qc7 15. e5 dxe5 16. Bxe5 Qa5 17. Bc3 Qc7 18. Qe2 e6 19. Qb2 Nh5 20. Bxg7 Nxg7 21. Rad1 Rfd8 22. Qf6 Nh5 23. Qg5 Nf4 24. Nc5 Ne2+ 25. Kf1 Nd4 26. Qf6 Nf5 27. Kg1 Ng7 28. Ne4 Nh5 29. Qg5 Rxd1 30.
Rxd1 Qf4 31. Qxf4 Nxf4 32. g3 Nh5 33. Rd7 Kg7 34. Nc5 Kf6 35. b4 Ra8 36. Rc7 a5 37. b5 cxb5 38. cxb5 Ng7 39. b6 Ne8 40. Ra7 Nd6 41. Rxa8 1-0

[Event "*** Titled Tuesday Blitz"]
[Site "Chess.com"]
[Date "2019.05.07"]
[Round "8"]
[White "GelmanAlexander"]
[Black "ilm2034"]
[Result "0-1"]
[WhiteElo "2576"]
[BlackElo "2411"]
[TimeControl "180+2"]
[EndTime "14:53:59 PDT"]
[Termination "ilm2034 won by resignation"]

1. d4 Nf6 2. Nc3 d5 3. Bf4 e6 4.
Nb5 Na6 5. e3 c6 6. Nc3 Bd6 7.
Nf3 O-O 8. Ne5 Nc7 9. g4 Ne4 10.
Bg2 f5 11. h4 c5 12. Bxe4 fxe4 13. Bg3 a6 14. g5 b5 15. Qg4 Rf5 16. O-O-O c4 17. g6 hxg6 18. h5 gxh5 19. Rxh5 Rxh5 20. Qxh5 Qe7 21. Rh1 Bxe5 22. Bxe5 Ne8 23. Qh7+ Kf8 24. Rh4 Bb7 25. Rf4+ Nf6 26. Ne2 Ke8 27. Qg6+ Kd7 28.
Bxf6 gxf6 29. Rxf6 Rf8 30. Rxf8 Qxf8 31. Nf4 Qe7 32. Qg8 Bc8 33. Ng6 Qf6 34. Ne5+ Kc7 35. Qh7+ Kb6 36. b4 Qxf2 37. Kb2 Qxe3 38. Qe7 Qxd4+ 39. Kb1 Qxe5 40. Qd8+ Qc7 41. Qf6 c3 42. Qd4+ Kb7 43. Qf6 e5 44. Qg6 e3 45. Qd3 d4 46.
Qe4+ Ka7 47. Qd5 Bb7 0-1

[Event "*** Titled Tuesday Blitz"]
[Site "Chess.com"]
[Date "2019.05.07"]
[Round "8"]
[White "MFguimaraes"]
[Black "Jbd735"]
[Result "1-0"]
[WhiteElo "2335"]
[BlackElo "2460"]
[TimeControl "180+2"]
[EndTime "14:54:00 PDT"]
[Termination "MFguimaraes won by resignation"]

1. e4 e5 2. Nf3 Nc6 3. Bc4 Bc5 4. c3 Nf6 5. d4 exd4 6. e5 d5 7. Be2 Ne4 8. cxd4 Bb4+ 9. Nbd2 Bg4 10. O-O Nxd2 11.
Bxd2 Bxd2 12. Qxd2 O-O 13. b4 a6 14. a4 Qd7 15. b5 axb5 16. axb5 Ne7 17. Ng5 Bxe2 18. Qxe2 Qf5 19. f4 Ng6 20. g3 h6 21. Nf3 Rfe8 22. Qb2 Rxa1 23. Rxa1 Qg4 24. Kf2 h5 25. Qe2 f6 26.
Nh4 Nxh4 27. Qxg4 hxg4 28. gxh4 f5 29. Ra7 Rb8 30. Kg3 Kf7 31. h5 Ke6 32. Kh4 Kd7 33. Kg5 Ke6 34. Kg6 Rh8 35. Rxb7 Rh6+ 36. Kg5 Kd7 37. Kxf5 Rxh5+ 38. Kxg4 Rxh2 39. b6 Kc6 40. Rxc7+ Kxb6 41. Rc5 Re2 42. Rxd5 Kc6 43. Rd6+ Kc7 44. Kf5 Rd2 45. Kg6 Rg2+ 46. Kf7 Rf2 47. Kxg7 Rxf4 48. Kg6 Rf2 49. Rf6 Rd2 50. Rf7+ Kc6 51. Rf4 Kd5 52. Kf7 Re2 53. Rf1 Re3 54. Rf6 Kxd4 55. e6 Kd5 56.
e7 1-0

[Event "*** Titled Tuesday Blitz"]
[Site "Chess.com"]
[Date "2019.05.07"]
[Round "8"]
[White "WPWPWP-2015"]
[Black "MathiasWomacka"]
[Result "0-1"]
[WhiteElo "2364"]
[BlackElo "2235"]
[TimeControl "180+2"]
[EndTime "14:54:00 PDT"]
[Termination "MathiasWomacka won by resignation"]

1. e4 c5 2. Nf3 d6 3. d4 cxd4 4. Nxd4 Nf6 5. Nc3 a6 6. h3 e6 7. g4 b5 8. Bg2 Bb7 9. O-O Nfd7 10.
Re1 Nc6 11. a4 b4 12. Nxc6 Bxc6 13. Nd5 a5 14. c3 bxc3 15. Nxc3 Be7 16. Nb5 Ne5 17.
f4 Ng6 18. Be3 O-O 19. Rc1 Qd7 20. Qd3 Rab8 21. Nd4 Bxa4 22. Qa3 d5 23. Qa2 dxe4 24. Bxe4 Nxf4 25. Nf3 Nd5 26. Bf2 Bb4 27. Re2 Bb5 28.
Rec2 Qd6 29. Qb1 Qf4 30. Bxd5 exd5 31. Nd4 Bd3 32. Qa2 Bxc2 33. Rxc2 Qe4 34. Re2 Qd3 35.
Qxd5 Qxh3 36. Qg5 h6 37. Qf4 Rfe8 38. Re3 Rxe3 39. Bxe3 Re8 40. Kf2 Bc5 41. Nf5 Bxe3+ 42. Nxe3 Qxe3+ 43. Qxe3 Rxe3 44. Kxe3 f6 45. Kd4 Kf7 46.
Kc5 g6 47. Kb5 h5 48. gxh5 gxh5 49. Kxa5 h4 50. b4 h3 51. b5 h2 52. b6 h1=Q 53.
b7 Qxb7 0-1

[Event "*** Titled Tuesday Blitz"]
[Site "Chess.com"]
[Date "2019.05.07"]
[Round "8"]
[White "Chessialist"]
[Black "Lagmantr"]
[Result "1-0"]
[WhiteElo "2579"]
[BlackElo "2582"]
[TimeControl "180+2"]
[EndTime "14:54:04 PDT"]
[Termination "Chessialist won by resignation"]

1. e4 c5 2. Nf3 d6 3. d4 cxd4 4. Qxd4 Nf6 5. e5 Nc6 6. Bb5 Qa5+ 7. Nc3 Qxb5 8. Nxb5 Nxd4 9. Nbxd4 dxe5 10. Nxe5 e6 11. Nb5 Nd5 12. Nc4 a6 13. Nbd6+ Bxd6 14. Nxd6+ Ke7 15. Ne4 b6 16. Bd2 f5 17. Nc3 Bb7 18. f3 Nxc3 19. Bxc3 Kf7 20. O-O-O Rhd8 21. Bd4 b5 22.
Bb6 Rd5 23. b3 Rc8 24. Kb2 g5 25. Rxd5 Bxd5 26. Rd1 h5 27. Rd4 g4 28. fxg4 hxg4 29. g3 Rh8 30. Rd2 Be4 31. Bc7 Kf6 32. Bd8+ Kg6 33.
Bc7 Bd5 34. Be5 Rc8 35. c3 Rc5 36. Bd4 Rc7 37. Ka3 f4 38. gxf4 a5 39. Kb2 a4 40.
Ka3 axb3 41. axb3 Kf5 42. Be5 Rc8 43. Kb4 Rd8 44. c4 bxc4 45. bxc4 Rd7 46. cxd5 exd5 47. Kc5 Ke4 48. Rd4+ Kf3 49. f5 Re7 50. Kd6 Re8 51. f6 Ke3 52. f7 Rxe5 53. Kxe5 1-0

[Event "*** Titled Tuesday Blitz"]
[Site "Chess.com"]
[Date "2019.05.07"]
[Round "8"]
[White "blitzking1729"]
[Black "kacprekt"]
[Result "1-0"]
[WhiteElo "2496"]
[BlackElo "2306"]
[TimeControl "180+2"]
[EndTime "14:54:06 PDT"]
[Termination "blitzking1729 won by resignation"]

1. Nf3 Nf6 2. g3 g6 3. Bg2 Bg7 4. O-O O-O 5. b3 Ne4 6. d4 c5 7. Bb2 Nc6 8. e3 cxd4 9. Nxd4 Nxd4 10. exd4 d5 11. Nd2 Nxd2 12. Qxd2 Be6 13. Rfe1 Rc8 14.
Re2 Rc7 15. Rae1 Bg4 16. f3 Bf5 17. c3 Re8 18. h3 Bc8 19. f4 e6 20. Kh2 b5 21.
Qd3 Bd7 22. Ba3 Bc6 23. Bb4 Rb7 24. Bc5 a5 25. a3 b4 26. a4 bxc3 27. Qxc3 Qb8 28. Rb2 Rc8 29. Reb1 Bd7 30. Qxa5 h5 31. h4 f6 32. Qd2 e5 33. Bxd5+ Kh7 34. Bxb7 Qxb7 35.
fxe5 fxe5 36. b4 Bh6 37. Qg2 Bc6 38. Qe2 exd4 39. Bxd4 Re8 40. Qf2 Bxa4 41. b5 Re7 42. b6 Rd7 43. Bc5 Qd5 44. b7 1-0

[Event "*** Titled Tuesday Blitz"]
[Site "Chess.com"]
[Date "2019.05.07"]
[Round "8"]
[White "Arystanner"]
[Black "DrMelekess"]
[Result "0-1"]
[WhiteElo "2758"]
[BlackElo "2776"]
[TimeControl "180+2"]
[EndTime "14:54:07 PDT"]
[Termination "DrMelekess won by resignation"]

1. e4 d5 2. exd5 Qxd5 3. Nc3 Qd8 4. d4 Nf6 5. Bc4 c6 6. Nf3 Bf5 7. O-O e6 8. h3 Nbd7 9. Re1 Be7 10. Bf4 O-O 11.
Bg3 Re8 12. Qe2 Bg6 13. Rad1 Bh5 14. Qe3 Nb6 15. Bb3 Nbd5 16. Nxd5 cxd5 17. Ba4 Rf8 18. c3 Ne4 19. Bf4 Bxf3 20. Qxf3 Bd6 21. Bc2 Bxf4 22. Qxf4 Nf6 23. g4 b5 24. Kg2 a5 25. h4 b4 26. Re3 bxc3 27. bxc3 Rc8 28. Qf3 Ne8 29. h5 Nd6 30. Qf4 Nc4 31. Rg3 Qd6 32. Qg5 f6 33. Bxh7+ Kxh7 34. Qg6+ Kg8 35. h6 Rc7 36. Rh1 Qf4 37.
hxg7 Rxg7 38. Qh5 Qe4+ 39. Kg1 Nd2 40. g5 fxg5 41. Re3 Qf5 42. Rh2 Nf3+ 43. Rxf3 Qxf3 44. Qh8+ Kf7 0-1

[Event "*** Titled Tuesday Blitz"]
[Site "Chess.com"]
[Date "2019.05.07"]
[Round "8"]
[White "el-reptiliano"]
[Black "saraswathii"]
[Result "0-1"]
[WhiteElo "2183"]
[BlackElo "2285"]
[TimeControl "180+2"]
[EndTime "14:54:11 PDT"]
[Termination "saraswathii won by resignation"]

1. Nf3 Nc6 2. d4 g6 3. d5 Nb8 4. c4 d6 5. Bd2 Bg7 6. Bc3 Nf6 7. Nbd2 O-O 8. g3 e6 9. dxe6 Bxe6 10. Bg2 Nc6 11.
O-O Qd7 12. Ng5 Bf5 13. e4 Bg4 14. f3 Be6 15. Nxe6 Qxe6 16. Re1 Rfe8 17. Rc1 Rad8 18. b3 Ne5 19. Nf1 c6 20. Qc2 h5 21. Ne3 Bh6 22.
Rcd1 Qc8 23. Qb2 Nh7 24. Nc2 Qc7 25. Bd4 b6 26. Qc3 Re7 27. Be3 Bg7 28. Qd2 Red7 29. Bh6 Bh8 30. Bf4 d5 31. exd5 cxd5 32. cxd5 Rxd5 33. Qxd5 Rxd5 34. Rxd5 Qxc2 35. Bxe5 Bxe5 36. Rdxe5 Qxa2 37. f4 Nf6 38. R5e3 a5 39. Rd1 Qa3 40. Rde1 Qc5 41. Kh1 Ng4 42. Re8+ Kg7 43. h3 Nf6 44. R8e3 Qb4 45. Rc1 h4 46. Rc7 hxg3 47. Ree7 Qxb3 48. Bb7 Nh5 49. Bc6 Nxf4 0-1

[Event "*** Titled Tuesday Blitz"]
[Site "Chess.com"]
[Date "2019.05.07"]
[Round "8"]
[White "Berardino"]
[Black "superstructure"]
[Result "1-0"]
[WhiteElo "2534"]
[BlackElo "2325"]
[TimeControl "180+2"]
[EndTime "14:54:14 PDT"]
[Termination "Berardino won by checkmate"]

1. e4 e5 2. Nf3 Nc6 3. Bb5 a6 4. Ba4 Nf6 5. O-O Be7 6. Re1 b5 7. Bb3 d6 8. c3 O-O 9. h3 Nb8 10. d4 Nbd7 11. Nbd2 Bb7 12. Bc2 Re8 13. Nf1 Bf8 14. Ng3 g6 15. a4 c5 16. d5 c4 17.
Bg5 Be7 18. Be3 Qc7 19. Nh2 Nc5 20. Bh6 Bf8 21. Qd2 Qe7 22. Bg5 h6 23. Bxh6 Bxh6 24.
Qxh6 Rab8 25. axb5 axb5 26. Re3 Qf8 27. Qh4 Nh7 28.
Ng4 f6 29. Rf3 Nd7 30. Ra7 Qg7 31. Re3 Rf8 32. Re1 Nc5 33. Ne3 Ra8 34. Rxa8 Rxa8 35. Rb1 Ra2 36. Qg4 Qf7 37. h4 Kf8 38. h5 gxh5 39. Nxh5 Ng5 40. Ng3 Qe8 41. Qh4 Bc8 42.
Nef5 Bxf5 43. Nxf5 Qd7 44. Bd1 Kg8 45. Qh6 Nd3 46. Qxf6 Nxe4 47. Ne7+ Kh7 48. Qg6+ Kh8 49. Qg8# 1-0